 Dungeon Crawl Stone Soup version 0.27.1-37-g7b29ead8ac (webtiles) character file.

Game seed: 12379080664727777160

1632 AarnesTheHuman the Shield-Bearer (level 9, -11/71 HPs)
             Began as a Formicid Fighter on June 5, 2023.
             Mangled by a two-headed ogre (19 damage)
             ... on level 6 of the Dungeon on June 6, 2023.
             The game lasted 00:10:17 (7931 turns).

AarnesTheHuman the Shield-Bearer (Formicid Fighter) Turns: 7931, Time: 00:10:17

Health: -11/71     AC: 10    Str: 25    XL:     9   Next: 18%
Magic:  9/9        EV: 10    Int:  7    God:
Gold:   481        SH: 17    Dex: 10    Spells: 8/8 levels left

rFire    . . .     SeeInvis +   a - +1 quarterstaff
rCold    . . .     Faith    .   f - +1 tower shield
rNeg     . . .     Spirit   .   e - +0 chain mail
rPois    .         Reflect  .   (helmet unavailable)
rElec    .         Harm     .   g - scarf {shadows}
rCorr    .         Rampage  .   (no gloves)
Will     +....                  (no boots)
Stlth    ..........             (no amulet)
HPRegen  0.21/turn              h - +4 ring of evasion
MPRegen  0.11/turn              r - ring of willpower

@: no status effects
A: permanent stasis, dig shafts and tunnels, antennae 3, four strong arms
a: Dig, Shaft Self


You were on level 6 of the Dungeon.
You visited 1 branch of the dungeon, and saw 6 of its levels.

You collected 481 gold pieces.

Inventory:

Hand Weapons
 a - a +1 quarterstaff (weapon)
Missiles
 n - 26 poisoned darts (quivered)
Armour
 b - a +0 scale mail
 c - a +0 kite shield
 e - a +0 chain mail (worn)
 f - a +1 tower shield (worn)
 g - a scarf of shadows (worn)
Jewellery
 h - a +4 ring of evasion (left hand)
 r - a ring of willpower (right hand)
 s - a +6 ring of strength
Wands
 m - a wand of paralysis (2)
 u - a wand of flame (23)
Scrolls
 j - 2 scrolls of fog
 l - a scroll of fear
 v - a scroll of identify
Potions
 d - a potion of might
 i - 3 potions of flight
 k - 2 potions of lignification
 o - a potion of brilliance
 p - a potion of haste {unknown}
 q - 4 potions of mutation
 t - a potion of attraction {unknown}


   Skills:
 + Level 6.8 Fighting
 + Level 5.8 Staves
 + Level 6.8 Armour
 + Level 7.5 Shields


You had 8 spell levels left.
You didn't know any spells.
Your spell library contained the following spells:

 Spells                   Type           Power      Damage    Failure   Level
 Summon Small Mammal      Summ           0%         N/A       100%        1
 Ignite Poison            Fire/Tmut/Pois 0%         N/A       100%        3
 Mephitic Cloud           Conj/Pois/Air  0%         N/A       100%        3
 Bolt of Magma            Conj/Fire/Erth 0%         4d4       100%        5


Dungeon Overview and Level Annotations

Branches:
Dungeon (6/15)
 Temple: D:4-7

Altars:
Elyvilon
Hepliaklqana
Kikubaaqudgha
Okawaru
Xom

Shops:
D:2 [

Annotations:
D:5 2 runed translucent doors, exclusions: door and downstairs, Crazy Yiuf; Delamore's ghost, novice OpBr
D:6 3 runed translucent doors, Efficiency's ghost, amateur DDDe


Innate Abilities, Weirdness & Mutations

You cannot be hasted, slowed, berserked, paralysed or teleported.
You can dig through walls and to a lower floor.
You have a pair of large antennae on your head. (SInv)
Your four strong arms can wield two-handed weapons with a shield.


Message History

Throw: 28 darts (poison)
Press: ? - help, Q - select action, (/) - cycle Shift-Dir - straight line, f/p - two-headed ogre
Aim: a two-headed ogre, wielding a +0 giant club and a +0 giant spiked club (lightly wounded, very poisoned, 74% to hit)
You throw a poisoned dart.
The poisoned dart hits the two-headed ogre.
The two-headed ogre is lightly wounded.
Throw: 27 darts (poison)
Press: ? - help, Q - select action, (/) - cycle Shift-Dir - straight line, f/p - two-headed ogre
Aim: a two-headed ogre, wielding a +0 giant club and a +0 giant spiked club (lightly wounded, very poisoned, 74% to hit)
You throw a poisoned dart.
The poisoned dart barely misses the two-headed ogre.
The two-headed ogre closely misses you.
The two-headed ogre hits you with a +0 giant spiked club!
Your shield and chain mail prevent you from hitting the two-headed ogre.
The two-headed ogre is lightly wounded.
The two-headed ogre hits you with a +0 giant club!
You block the two-headed ogre's attack.
You thump the two-headed ogre!
The two-headed ogre is moderately wounded.
You block the two-headed ogre's attack. x2
You barely miss the two-headed ogre.
The two-headed ogre is moderately wounded.
The two-headed ogre closely misses you. x2
You thump the two-headed ogre!
The two-headed ogre is heavily wounded.
You sock the two-headed ogre!
The two-headed ogre is heavily wounded.
The two-headed ogre hits you with a +0 giant club!!
You block the two-headed ogre's attack.
You barely miss the two-headed ogre.
The two-headed ogre is severely wounded.
The two-headed ogre hits you with a +0 giant club!
* * * LOW HITPOINT WARNING * * *
You block the two-headed ogre's attack.
The two-headed ogre looks more healthy.
The white imp puffs mist at you.
You barely miss the two-headed ogre.
The two-headed ogre is severely wounded.
The two-headed ogre hits you with a +0 giant club!!
You die...

#..#.....#.####.#.#...#.##
#..........####...........
##.....#...##...###+++###.
#########.#...#...#...##.......##
#.......#.#...........#.........#
##.####.#.###.##.....##..........
#.# #.#........#...#..{####....
#.# #.#####.####..##{{## ##.. #.#
#.#####.#.@O..#{.# #. #.#
#.......#.###.#5.# ..=...#. #.#
#########......#Y5# .....#. #.#
#..........###.##..###...... #.#
#...............#...........
#.###########.......##...####..#
#...........#..###...#####..####
###########....# #..............
#.....#....###............##


You could see a two-headed ogre, an ice beast and 2 white imps.

Vanquished Creatures
  An unseen horror (D:6)
  Grinder (D:5)
  An ice beast (D:6)
  A necrophage (D:5)
  A centaur (D:5)
  A phantom (D:6)
  2 kobold brigands (D:4)
  2 scorpions (D:5)
  A jelly (D:6)
  2 centaur skeletons
  A hound (D:6)
  A bullfrog skeleton (D:3)
  Ijyb (D:2)
  An orc wizard (D:4)
  Robin (D:3)
  12 gnolls
  A howler monkey zombie (D:5)
  9 adders
  An ufetubus (D:6)
  An adder skeleton (D:5)
  An adder zombie (D:5)
  3 worms
  A dart slug (D:1)
  17 orcs
  7 ball pythons
  6 bats
  3 endoplasms
  4 giant cockroaches
  9 hobgoblins
  2 jackals (D:2)
  4 quokkas
  8 frilled lizards
  12 goblins
  40 kobolds
  6 rats
165 creatures vanquished.

Vanquished Creatures (others)
  17 fungi (D:4)
17 creatures vanquished.

Grand Total: 182 creatures vanquished

Notes
Turn   | Place    | Note
-------+----------+-------------------------------------------
     0 | D:1      | AarnesTheHuman the Formicid Fighter began the quest for the
                  | Orb.
     0 | D:1      | Reached XP level 1. HP: 18/18 MP: 1/1
   297 | D:1      | Reached XP level 2. HP: 24/24 MP: 2/2
   358 | D:1      | Found a faded altar of an unknown god.
   368 | D:1      | Got Plato's Disquisition on Creation
   770 | D:2      | Reached skill level 4 in Shields
   770 | D:2      | Reached XP level 3. HP: 29/29 MP: 3/3
  1069 | D:2      | Found Hocsiggo's Armour Shoppe.
  1480 | D:3      | Reached XP level 4. HP: 37/37 MP: 4/4
  1509 | D:3      | Found a white marble altar of Elyvilon.
  1509 | D:3      | Noticed Ijyb
  1794 | D:2      | Killed Ijyb
  1795 | D:2      | Reached XP level 5. HP: 39/42 MP: 5/5
  1970 | D:3      | Noticed Robin
  2151 | D:3      | Killed Robin
  2328 | D:3      | Found an iron altar of Okawaru.
  2335 | D:3      | You fall into a shaft and drop 1 floor!
  2374 | D:4      | Reached XP level 6. HP: 37/49 MP: 6/6
  2382 | D:4      | Reached skill level 5 in Shields
  2757 | D:4      | Found an ancient bone altar of Kikubaaqudgha.
  3307 | D:3      | Found a hazy altar of Hepliaklqana.
  4319 | D:4      | Reached XP level 7. HP: 43/55 MP: 7/7
  4470 | D:4      | Reached skill level 5 in Fighting
  4470 | D:4      | Reached skill level 5 in Armour
  4965 | D:5      | Entered Level 5 of the Dungeon
  5409 | D:5      | Noticed Grinder
  5422 | D:5      | Killed Grinder
  5423 | D:5      | Reached skill level 6 in Shields
  5423 | D:5      | Reached XP level 8. HP: 52/63 MP: 8/8
  5739 | D:5      | Found a runed translucent door.
  5740 | D:5      | Noticed Crazy Yiuf
  6023 | D:5      | Found a runed translucent door.
  6027 | D:5      | Noticed Delamore's ghost (novice OpBr)
  6129 | D:5      | Reached skill level 5 in Staves
  6505 | D:6      | Found a shimmering altar of Xom.
  6620 | D:6      | Noticed a two-headed ogre
  6877 | D:6      | Reached skill level 7 in Shields
  7065 | D:6      | Found a runed translucent gate.
  7065 | D:6      | Found a runed translucent gate.
  7103 | D:6      | Noticed Efficiency's ghost (amateur DDDe)
  7167 | D:6      | Noticed an unseen horror
  7195 | D:6      | Killed an unseen horror
  7196 | D:6      | Reached XP level 9. HP: 37/71 MP: 9/9
  7361 | D:6      | Found a runed translucent gate.
  7931 | D:6      | Mangled by a two-headed ogre

Illustrated notes

Levels and vault maps discovered:
D:1:      saegor_arrival_under_anarchy, layout_loops_ring,
          shapermc_ecumenical_altar_rom_forum
D:2:      layout_loops_ring, serial_shops, shop, minmay_liquid_box
D:3:      layout_rooms, mainiacjoe_overflow_tiny_flanked,
          mainiacjoe_overflow_alcove_1, mainiacjoe_overflow_catwalk, uniq_robin,
          uniq_ijyb
D:4:      minmay_goblin_kobold_castle, layout_basic, amcnicky_altar_gilded,
          serial_aquarium, aquarium_bridge_long_separate
          [aquarium_subvault_window, aquarium_subvault_bridge,
          aquarium_subvault_bridge, aquarium_subvault_balcony,
          aquarium_subvault_wall, aquarium_subvault_bridge], aquarium_window_2,
          aquarium_window_corridor_3, aquarium_window_2, aquarium_window_1,
          aquarium_view_2e, aquarium_view_2b, aquarium_pool_1
D:5:      layout_basic, ebering_ghost_sewer_d, serial_bayou_crossing,
          uniq_grinder, uniq_crazy_yiuf_cottage
D:6:      layout_basic, xom_teletrap_fun, gammafunk_ghost_icy

Skill      XL: |  1  2  3  4  5  6  7  8 |
---------------+-------------------------+-----
Shields        | 4 5 6 7 |  7.5
Fighting       | 4 5 6 |  6.8
Armour         | 4 5 6 |  6.8
Staves         | 3 4 5 |  5.8

Action                   |  1- 3 |  4- 6 |  7- 9 || total
-------------------------+-------+-------+-------++-------
Melee: Quarterstaff      |    76 |   280 |   261 ||   617
Throw: Dart              |       |       |     5 ||     5
 Abil: Dig               |     3 |     6 |     3 ||    12
Evoke: Wand              |       |       |     5 ||     5
  Use: Scroll            |       |     5 |     6 ||    11
 Stab: Distracted        |       |     1 |       ||     1
       Paralysed         |       |       |    12 ||    12
Armor: Scale mail        |    21 |   125 |    17 ||   163
       Chain mail        |       |       |    77 ||    77
Dodge: Dodged            |    15 |   123 |    80 ||   218
Block: Kite shield       |     3 |       |       ||     3
       Tower shield      |    57 |   309 |   270 ||   636
